 Dungeon Crawl Stone Soup version 0.19.1-1-g22dce08 (webtiles) character file.

145 Venfury the Cudgeler (level 5, -7/45 HPs)
             Began as a Centaur Chaos Knight on Jan 7, 2017.
             Killed by nerve-wracking pain
             ... invoked by Grinder
              (13 damage)
             ... on level 4 of the Dungeon.
             The game lasted 00:14:16 (1453 turns).

Venfury the Cudgeler (Centaur Chaos Knight)         Turns: 1453, Time: 00:14:16

Health: -7/45      AC:  6    Str: 14    XL:     5   Next: 6%
Magic:  5/5        EV:  9    Int: 22    God:    Xom [..*...]
Gold:   89         SH:  0    Dex: 10    Spells: 0 memorised, 4 levels left

rFire  . . .     SeeInvis .     a - +0 mace (chaos)
rCold  . . .     Gourm    .     b - +2 leather armour
rNeg   . . .     Faith    .     (no shield)
rPois  .         Spirit   .     (no helmet)
rElec  .         Reflect  .     (no cloak)
rCorr  .         Harm     .     (no gloves)
MR     .....                    (no barding)
Stlth  +.........               (no amulet)
                                (no ring)
                                e - +6 ring of intelligence

@: brilliant, very quick
A: hooves 3, deformed body, speed 2, tough skin 3
a: Renounce Religion


You were on level 4 of the Dungeon.
You worshipped Xom.
You were a toy of Xom.
You were not hungry.

You visited 1 branch of the dungeon, and saw 4 of its levels.

You collected 89 gold pieces.

Inventory:

Hand Weapons
 a - a +0 mace of chaos (weapon)
 h - a +0 dagger of flaming
Missiles
 j - 3 large rocks
 k - 27 stones (quivered)
Armour
 b - a +2 leather armour (worn)
Jewellery
 e - a +6 ring of intelligence (left hand)
Wands
 o - a wand of lightning (7/15)
Scrolls
 g - 3 scrolls of identify
 i - a scroll of enchant weapon {unknown}
 m - 2 scrolls of remove curse {unknown}
 n - a scroll of teleportation {unknown}
Comestibles
 c - 4 bread rations
 d - a meat ration
 f - 4 chunks of flesh


   Skills:
 + Level 3.5 Fighting
 + Level 4.1 Maces & Flails
 + Level 0.4 Throwing
 + Level 1.9 Armour
 + Level 1.3 Dodging
 + Level 0.5 Stealth


You had 4 spell levels left.
You didn't know any spells.

Dungeon Overview and Level Annotations

Branches:
Dungeon (4/15)
 Temple: D:4-7

Altars:
Trog

Annotations:
D:4 Grinder


Innate Abilities, Weirdness & Mutations

You have hooves in place of feet.
Armour fits poorly on your strangely shaped body.
You cover ground very quickly.
You have extremely tough skin. (AC +3)


Message History

Grinder comes into view.
Grinder shouts!
Grinder moves out of view.
An orc comes into view.
The orc shouts!
The orc throws a tomahawk.
The tomahawk hits you.
* * * LOW HITPOINT WARNING * * *
You see here a tomahawk.
Grinder blinks!
The jackal bites you but does no damage.
The orc throws a tomahawk.
The tomahawk closely misses you.
Grinder blinks!
You see here a tomahawk.
The orc throws a tomahawk.
The tomahawk closely misses you.
Found 7 gold pieces and a scroll of identify.
The orc throws a tomahawk.
The tomahawk hits you.
* * * LOW HITPOINT WARNING * * *
Grinder gestures at you. Pain shoots through your body!
You die...
Xom thinks this is hilarious!

.... ∆
.............# ....
#..............#
....
#..............#
....
#.......h......#
....
##....##.......#
....
......##h.(.(..##
+#
..................#
.
.......h.h..5.....#
..
#####.@........§.#
...
..........#########
... ............#
... ∆............#
... .......o....#
... %.......#...#
.>. ...?..$.#...#
#+# ........#...#


You could see Grinder, an orc and 4 jackals.

Vanquished Creatures
  The ghost of bear the Ruffian, a weakling FoTm (D:4)
  A worker ant (D:4)
  4 adders (D:3)
  2 worms
  A dart slug (D:3)
  2 orcs
  6 goblins
  5 hobgoblins (D:3)
  4 kobolds
  A quokka (D:2)
  9 bats
  A frilled lizard (D:3)
  4 rats
41 creatures vanquished.

Vanquished Creatures (others)
  A fire vortex (D:3)
1 creature vanquished.

Grand Total: 42 creatures vanquished

Notes
Turn   | Place    | Note
-------+----------+-------------------------------------------
     0 | D:1      | Venfury the Centaur Chaos Knight began the quest for the Orb.
     0 | D:1      | Reached XP level 1. HP: 19/19 MP: 1/1
    19 | D:2      | XOM: harmless Divn miscast
   313 | D:2      | Reached XP level 2. HP: 26/26 MP: 2/2
   392 | D:2      | Reached skill level 3 in Maces & Flails
   555 | D:2      | XOM: divination: detect creatures
   600 | D:3      | Reached XP level 3. HP: 20/31 MP: 3/3
   601 | D:3      | Reached skill level 1 in Dodging
   922 | D:3      | Found a bloodstained altar of Trog.
  1112 | D:3      | Reached XP level 4. HP: 31/38 MP: 4/4
  1317 | D:3      | XOM: mild Fire miscast
  1327 | D:4      | Noticed bear's ghost (weakling FoTm)
  1353 | D:4      | XOM: divination: detect creatures
  1362 | D:4      | Killed bear's ghost
  1362 | D:4      | Reached skill level 4 in Maces & Flails
  1368 | D:4      | XOM: divination: detect items
  1370 | D:4      | Noticed a phantom
  1372 | D:4      | XOM: potion effect (brilliance)
  1374 | D:4      | XOM: cast spell 'Ring of Flames'
  1375 | D:4      | HP: 1/38 [poisoned by a worker ant]
  1381 | D:4      | Reached XP level 5. HP: 31/45 MP: 5/5
  1417 | D:4      | XOM: enchant monster (good)
  1444 | D:4      | Noticed Grinder
  1453 | D:4      | Killed from afar by Grinder

Skill      XL: |  1  2  3  4 |
---------------+-------------+-----
Maces & Flails | 3 4 |  4.1
Dodging        | 1 |  1.3
Fighting       | |  3.5
Throwing       | |  0.4
Armour         | |  1.9
Stealth        | |  0.5

Action                   |  1- 3 |  4- 6 || total
-------------------------+-------+-------++-------
Melee: Mace              |    92 |    43 ||   135
       Kick              |    14 |     9 ||    23
Throw: Stone             |    26 |    12 ||    38
  Use: Scroll            |     1 |       ||     1
       Potion            |       |     2 ||     2
 Stab: Petrified         |       |     3 ||     3
       Petrifying        |       |     1 ||     1
       Paralysed         |       |     1 ||     1
  Eat: Chunk             |       |     1 ||     1
Armor: Leather armour    |    39 |    19 ||    58
Dodge: Dodged            |    52 |    33 ||    85
